[Event "Titled Tuesday Blitz June 6 Late 2023"]
[White "Daggupati, Balaji"]
[Black "Kollars, Dmitrij"]
[WhiteFideId "2090759"]
[BlackFideId "12909572"]
[WhiteElo "2749"]
[BlackElo "2584"]
[Result "0-1"]
[Round "8"]
[TimeControl "180+2"]
[Date "2023.06.07"]
[WhiteClock "0:01:16"]
[BlackClock "0:00:21"]
[Board "7"]

1. e4 e5 2. Nf3 Nc6 3. Bb5 a6 4. Ba4 Nf6 5. d4 exd4 6. O-O Be7 7. Re1 b5 8. e5 Nxe5 9. Rxe5 bxa4 10. Nxd4 O-O 11. Nf5 Re8 12. Bg5 d6 13. Nxe7+ Rxe7 14. Bxf6 gxf6 15. Ra5 Bd7 16. Nc3 Re5 17. Rxe5 fxe5 18. Nxa4 Qg5 19. Nc3 Rb8 20. b3 Bc6 21. Nd5 Rb5 22. c4 Bxd5 23. cxd5 Rc5 24. g3 a5 25. Qf3 Kg7 26. Qd3 h5 27. h4 Qg4 28. Kg2 Qg6 29. Qf3 Qg4 30. Qd3 Qd4 31. Qf5 Qxd5+ 32. Kg1 e4 33. Qf4 Qe5 34. Qxe5+ Rxe5 35. Rc1 Rc5 36. Re1 f5 37. Rd1 d5 38. Rd4 Kf6 39. f4 Ke6 40. Kf2 Rc2+ 0-1


[Site "https://www.chess.com"]

[Event "Titled Tuesday Blitz June 6 Late 2023"]
[White "Rasulov, Vugar"]
[Black "Martinez Alcantara, Jose Eduardo"]
[WhiteFideId "13402390"]
[BlackFideId "3805662"]
[WhiteElo "2509"]
[BlackElo "2711"]
[Result "1/2-1/2"]
[Round "8"]
[TimeControl "180+2"]
[Date "2023.06.07"]
[WhiteClock "0:00:05"]
[BlackClock "0:00:07"]
[Board "8"]

1. d4 Nf6 2. c4 e6 3. Nf3 Bb4+ 4. Nbd2 O-O 5. g3 b6 6. Bg2 Bb7 7. O-O a5 8. Nb1 d5 9. c5 a4 10. a3 Ba5 11. Qxa4 c6 12. b4 b5 13. Qc2 Bc7 14. Bf4 Nbd7 15. Nbd2 Qb8 16. Bxc7 Qxc7 17. Nb3 Bc8 18. Na5 Re8 19. a4 Ba6 20. axb5 Bxb5 21. Rfe1 Ne4 22. Nd2 f5 23. e3 Rab8 24. Nf3 g5 25. Nb3 g4 26. Ne5 Nxe5 27. dxe5 Qxe5 28. Nd4 Rec8 29. Ra7 Bc4 30. Bxe4 Qxe4 31. Qxe4 dxe4 32. Rb1 Bd5 33. h3 gxh3 34. Kh2 Ra8 35. Rxa8 Rxa8 36. Kxh3 Ra2 37. Kg2 Kf7 38. b5 cxb5 39. Rxb5 Ke7 40. c6 Kd6 41. Rb7 Ra8 42. Rd7+ Kc5 43. c7 Rc8 44. Rxh7 Kb6 45. g4 fxg4 46. Kg3 Rxc7 47. Rxc7 Kxc7 48. Kxg4 Kd6 49. Kg5 Ke5 50. Ne2 Bc4 51. Nf4 Bb5 52. Ng6+ Kd6 53. Kf4 Bd3 54. Ne5 Bc2 55. Ng4 Kd5 56. Nf6+ Kc4 57. Nxe4 Kd3 58. Ng3 Kd2 59. e4 Ke1 60. Ke3 Bb1 61. f4 Ba2 62. e5 Bc4 63. Ne4 Ba2 64. Kd4 Kf1 65. Ke3 Kg2 66. Nd2 Bd5 67. Ne4 Ba2 68. Nc3 Bb3 69. Nb5 Ba2 70. Nd4 Kg3 71. Ne2+ Kg4 72. Nc3 Bb3 73. Nb5 Ba2 74. Nd6 Bb3 75. Ne8 Ba2 76. Nf6+ Kg3 77. Ne4+ Kg4 78. Nf6+ Kg3 79. Nd7 Kg4 80. Nf8 Kg3 81. Ng6 Kg4 82. Ne7 Kg3 83. Nc6 Kg4 84. Nb4 Bb3 85. Nd3 Ba2 86. Kd4 Bb1 87. Nc5 Ba2 88. Ke4 Bb1+ 89. Ke3 Ba2 90. Nd3 Kg3 91. Nf2 Bd5 92. Ne4+ Kh3 93. Kf3 Bc6 94. Ke3 Bd5 95. Nf6 Ba2 96. Kd4 Kg3 97. Kc5 Kxf4 98. Kd6 Kf5 99. Nd7 Kg6 100. Nc5 Kf7 101. Ne4 Ke8 102. Ng5 Kf8 103. Kd7 Bb3 104. Kd6 Ba2 105. Nh3 Kf7 106. Nf4 Bc4 107. Nh3 Kg6 108. Nf2 Kf7 109. Nd1 Ba2 110. Ne3 Kg6 111. Nc2 Kf7 112. Nd4 Bc4 113. Nf3 Kg6 114. Nd4 Kf7 115. Nc6 Ke8 116. Nb4 Kf7 117. Nc2 Bb3 118. Ne3 Kg6 119. Nf1 Kf7 120. Ng3 Ba2 121. Ne2 Bb3 122. Nf4 Ba2 123. Kd7 Bc4 124. Kd8 Ba2 125. Ne2 Kg6 126. Ke7 Kf5 127. Kd6 Kg6 128. Nc3 Bb3 129. Nb5 Kf7 130. Kc7 Ke7 131. Nd6 Bd5 132. Nc8+ Kf7 133. Kd7 Ba2 134. Nd6+ Kg6 135. Ke7 Bb3 136. Nb5 Ba2 137. Nd4 Kg5 138. Kd6 Kg6 139. Nxe6 Kf7 140. Nd4 Ke8 141. Nf5 Kf7 142. Ne3 Ke8 143. Nc2 Kf7 144. Nb4 Bb3 145. Nc6 Ke8 146. Nd4 Ba2 147. Nf5 Kf7 148. Nd4 Ke8 1/2-1/2


[Site "https://www.chess.com"]

[Event "Titled Tuesday Blitz June 6 Late 2023"]
[White "Paravyan, David"]
[Black "Ibarra Jerez, Jose Carlos"]
[WhiteFideId "4194985"]
[BlackFideId "2226332"]
[WhiteElo "2563"]
[BlackElo "2631"]
[Result "0-1"]
[Round "8"]
[TimeControl "180+2"]
[Date "2023.06.07"]
[WhiteClock "0:00:01"]
[BlackClock "0:00:08"]
[Board "9"]

1. d4 Nf6 2. c4 d6 3. Nc3 e5 4. e4 exd4 5. Qxd4 Nc6 6. Qd2 Be7 7. b3 a5 8. Bd3 Ne5 9. Nge2 O-O 10. O-O Nxd3 11. Qxd3 c6 12. Ba3 Qc7 13. Rad1 Rd8 14. Nd4 Bf8 15. Rfe1 Bg4 16. f3 Bd7 17. Kh1 d5 18. Bxf8 dxe4 19. Nxe4 Nxe4 20. Rxe4 Rxf8 21. Re7 Qd6 22. Qe2 Be6 23. Nf5 Qc5 24. g4 Rad8 25. Rg1 Bxf5 26. gxf5 Qxf5 27. Re5 Qd3 28. Qg2 g6 29. Rxa5 Rfe8 30. Rg5 Re3 31. Qh3 Rxf3 32. Qh4 Re8 33. R5g2 Re2 34. Qg4 Rxg2 35. Qxg2 Qe3 36. Rf1 Rxf1+ 37. Qxf1 Qe4+ 38. Kg1 Qd4+ 39. Kh1 Qb2 40. Qf4 Qa1+ 41. Kg2 Qxa2+ 42. Kg1 Qb1+ 43. Kg2 Qc2+ 44. Kg1 Qd1+ 45. Kf2 Qc2+ 46. Kg1 Qb1+ 47. Kf2 Qb2+ 48. Kg1 Kg7 49. Qc7 Qa1+ 50. Kf2 Qf6+ 51. Kg1 Qd4+ 52. Kg2 Qe4+ 53. Kg1 b5 54. cxb5 cxb5 55. b4 Qg4+ 56. Kh1 Qd1+ 57. Kg2 Qd5+ 58. Kg1 Qd1+ 59. Kg2 Qd2+ 60. Kg1 Qxb4 61. Qe5+ Kg8 62. Qb8+ Kg7 63. Qe5+ f6 64. Qc7+ Kh6 65. Qf7 Qg4+ 66. Kh1 Qe4+ 67. Kg1 Qd4+ 68. Kh1 b4 69. Qf8+ Kg5 70. Qb8 Qe4+ 71. Kg1 Qg4+ 72. Kh1 Qf3+ 73. Kg1 Qd1+ 74. Kg2 Qd5+ 75. Kf2 Qd4+ 76. Kg2 Qe4+ 77. Kg1 Qg4+ 78. Kh1 Qf4 79. Qb5+ f5 80. Qb7 Qe4+ 0-1


[Site "https://www.chess.com"]

[Event "Titled Tuesday Blitz June 6 Late 2023"]
[White "Matlakov, Maxim"]
[Black "Zhigalko, Sergei"]
[WhiteFideId "4168003"]
[BlackFideId "13502956"]
[WhiteElo "2666"]
[BlackElo "2626"]
[Result "0-1"]
[Round "8"]
[TimeControl "180+2"]
[Date "2023.06.07"]
[WhiteClock "0:00:02"]
[BlackClock "0:00:09"]
[Board "10"]

1. Nf3 d5 2. g3 c6 3. Bg2 Bg4 4. O-O e6 5. h3 Bh5 6. d3 Bd6 7. Qe1 Ne7 8. e4 O-O 9. Nbd2 c5 10. c3 Nbc6 11. Qe2 Re8 12. Re1 Qd7 13. g4 Bg6 14. Nf1 Rad8 15. Nh4 dxe4 16. dxe4 Qc7 17. Qe3 f6 18. f4 Bf7 19. Qf2 Ng6 20. Nxg6 hxg6 21. Be3 b6 22. h4 Rd7 23. g5 Red8 24. Ng3 Ne7 25. gxf6 gxf6 26. h5 gxh5 27. e5 fxe5 28. Ne4 Nf5 29. Nf6+ Kh8 30. Nxd7 Rxd7 31. Rad1 exf4 32. Bxf4 Bxf4 33. Rxd7 Bh2+ 34. Kh1 Qxd7 35. Kxh2 Qd6+ 36. Kg1 Kg7 37. Bf3 Bg6 38. Rd1 Qf4 39. Bg2 Qg5 40. Qd2 Qg3 41. Qd7+ Kf6 42. Qd8+ Ke5 43. Qb8+ Kf6 44. Qxg3 Nxg3 45. Rd7 a5 46. Rb7 h4 47. Rxb6 Ne2+ 48. Kf2 Nf4 49. Bf3 Ke5 50. Rb5 Kd6 51. Rxa5 Nd3+ 52. Kg1 Nxb2 53. a4 Bd3 54. Ra8 Ke5 55. a5 Na4 56. a6 Nxc3 57. a7 Nb5 58. Rd8 Nxa7 59. Rxd3 Nb5 60. Rb3 Nd4 61. Ra3 Kf4 62. Bg2 e5 63. Rb3 Nxb3 0-1


[Site "https://www.chess.com"]

[Event "Titled Tuesday Blitz June 6 Late 2023"]
[White "Keymer, Vincent"]
[Black "Kamsky, Gata"]
[WhiteFideId "12940690"]
[BlackFideId "2000024"]
[WhiteElo "2669"]
[BlackElo "2660"]
[Result "1-0"]
[Round "8"]
[TimeControl "180+2"]
[Date "2023.06.07"]
[WhiteClock "0:00:06"]
[BlackClock "0:00:01"]
[Board "11"]

1. Nf3 Nf6 2. c4 c6 3. Nc3 d5 4. e3 g6 5. d4 Bg7 6. Be2 O-O 7. O-O Qb6 8. h3 Be6 9. b3 Bf5 10. a4 a5 11. Ba3 Re8 12. Rc1 Na6 13. cxd5 cxd5 14. Bb5 Rec8 15. Bxe7 Nb4 16. Ne5 Rc7 17. Bc5 Qe6 18. Ne2 Ne4 19. Nf4 Qc8 20. Bxb4 axb4 21. Nxd5 Rxc1 22. Qxc1 Qd8 23. Nxb4 Bxe5 24. dxe5 Qg5 25. f4 Qh4 26. Qe1 Qd8 27. Bd3 Rc8 28. g4 Nc5 29. Bxf5 gxf5 30. gxf5 Ne4 31. f6 Kh8 32. Kh2 Qd7 33. Rg1 Rd8 34. Rg2 Qf5 35. Qe2 h5 36. Nd3 h4 37. Nf2 Ng3 38. Rxg3 hxg3+ 39. Kxg3 Rg8+ 40. Ng4 Rd8 41. e4 Qh5 42. Qf3 Kh7 43. a5 Rc8 44. Ne3 Rg8+ 45. Ng4 Rc8 46. b4 Rc1 47. Ne3 Qg6+ 48. Ng4 Qh5 49. Kg2 Qh4 50. Qg3 Rc2+ 51. Nf2 Qh6 52. Qg4 Rc4 53. Qg5 Qxg5+ 54. fxg5 Rxb4 55. Kf3 Rb5 56. Kf4 Rxa5 57. Ng4 Kg6 58. h4 Ra1 59. e6 Rf1+ 60. Ke5 fxe6 61. Kxe6 b5 62. Ne5+ Kh5 63. g6 Kh6 64. g7 Kh7 65. h5 b4 66. h6 b3 67. f7 Rg1 68. f8=Q 1-0


[Site "https://www.chess.com"]

[Event "Titled Tuesday Blitz June 6 Late 2023"]
[White "Svane, Rasmus"]
[Black "Wadsworth, Matthew J"]
[WhiteFideId "4657101"]
[BlackFideId "415804"]
[WhiteElo "2601"]
[BlackElo "2347"]
[Result "1/2-1/2"]
[Round "8"]
[TimeControl "180+2"]
[Date "2023.06.07"]
[WhiteClock "0:00:25"]
[BlackClock "0:00:10"]
[Board "12"]

1. Nf3 d5 2. g3 Nf6 3. Bg2 c6 4. O-O Bg4 5. h3 Bxf3 6. Bxf3 Nbd7 7. d3 e6 8. e4 Bd6 9. Nd2 Qc7 10. d4 dxe4 11. Nxe4 Nxe4 12. Bxe4 Nf6 13. Bg2 h5 14. h4 Ng4 15. c4 O-O-O 16. Qb3 e5 17. c5 Be7 18. dxe5 Bxc5 19. Bf4 Qb6 20. Qc2 g6 21. b4 Bd4 22. Rad1 Bxe5 23. Bxe5 Nxe5 24. a3 Rxd1 25. Rxd1 Rd8 26. Re1 f6 27. Kh1 Qd4 28. b5 Qd2 29. Qxd2 Rxd2 30. bxc6 bxc6 31. f4 Nd3 32. Re6 c5 33. Rxf6 Nf2+ 34. Kg1 Kd7 35. Rf7+ Kd6 36. Rf6+ Kd7 37. Rf7+ Kd6 38. Rf6+ Kd7 1/2-1/2


[Site "https://www.chess.com"]

[Event "Titled Tuesday Blitz June 6 Late 2023"]
[White "Bortnyk, Mykola"]
[Black "Indjic, Aleksandar"]
[WhiteFideId "14120836"]
[BlackFideId "911925"]
[WhiteElo "2592"]
[BlackElo "2614"]
[Result "1-0"]
[Round "8"]
[TimeControl "180+2"]
[Date "2023.06.07"]
[WhiteClock "0:00:08"]
[BlackClock "0:00:04"]
[Board "13"]

1. e4 e5 2. f4 exf4 3. Nc3 Nc6 4. Nf3 g5 5. Bc4 g4 6. d4 Bh6 7. Ne5 Nxe5 8. dxe5 Qh4+ 9. Kf1 Ne7 10. Nb5 O-O 11. Nxc7 Rb8 12. Qd6 b5 13. Be2 Rb6 14. Qd4 Re6 15. Nxe6 fxe6 16. Bxb5 Ng6 17. Bd2 f3 18. g3 Qh3+ 19. Ke1 Qg2 20. Rf1 Qxh2 21. Bxh6 Qxh6 22. Rd1 Qg5 23. Kf2 Nxe5 24. Rh1 h5 25. a4 a6 26. Bd3 Bb7 27. Qe3 Qg6 28. b3 Bc6 29. Rh4 Rf7 30. Rdh1 Rh7 31. Qd4 Qf6 32. Rxh5 Rxh5 33. Rxh5 Nxd3+ 34. Qxd3 Qg6 35. Rh4 e5 36. Qxa6 Qxe4 37. Qc4+ Qxc4 38. bxc4 Bxa4 39. Rxg4+ Kf7 40. Kxf3 Bxc2 41. Ke3 Ke6 42. Rh4 Bf5 43. g4 Bc2 44. Rh6+ Ke7 45. c5 Kf7 46. Rd6 Ke7 47. g5 Bf5 48. Kf3 Bc2 49. Kg4 Bb3 50. Kf5 e4 51. Kxe4 Be6 52. Ke5 1-0


[Site "https://www.chess.com"]

[Event "Titled Tuesday Blitz June 6 Late 2023"]
[White "Lazavik, Denis"]
[Black "Tanenbaum, Zachary"]
[WhiteFideId "13515110"]
[BlackFideId "2060850"]
[WhiteElo "2560"]
[BlackElo "2207"]
[Result "1-0"]
[Round "8"]
[TimeControl "180+2"]
[Date "2023.06.07"]
[WhiteClock "0:01:04"]
[BlackClock "0:00:04"]
[Board "14"]

1. d4 d5 2. c4 dxc4 3. Nf3 Nf6 4. e3 Bg4 5. Bxc4 e6 6. h3 Bh5 7. Nc3 Nc6 8. Bb5 Bb4 9. Qa4 Bxc3+ 10. bxc3 Bxf3 11. gxf3 O-O 12. e4 h6 13. Rg1 Nh5 14. Bxh6 Qf6 15. Be3 Qxf3 16. Be2 Qxh3 17. Kd2 Nf6 18. f3 e5 19. d5 Ne7 20. Bg5 Ng6 21. Qb3 b6 22. Rh1 Qd7 23. Rag1 Qd6 24. Qd1 Nd7 25. Qf1 f6 26. Be3 Ne7 27. Qh3 Kf7 28. Rxg7+ Ke8 29. Qe6 Qxe6 30. dxe6 Nb8 31. Rhh7 Nbc6 32. Bb5 Kd8 33. Bxc6 Nxc6 34. Rxc7 Na5 35. e7+ Kxc7 36. exf8=Q+ 1-0


[Site "https://www.chess.com"]

[Event "Titled Tuesday Blitz June 6 Late 2023"]
[White "Gritsenko, Nikolai"]
[Black "Sjugirov, Sanan"]
[WhiteFideId "14112493"]
[BlackFideId "4189302"]
[WhiteElo "2389"]
[BlackElo "2569"]
[Result "1-0"]
[Round "8"]
[TimeControl "180+2"]
[Date "2023.06.07"]
[WhiteClock "0:00:19"]
[BlackClock "0:00:02"]
[Board "15"]

1. d4 Nf6 2. Bg5 g6 3. Bxf6 exf6 4. e3 d5 5. c4 dxc4 6. Bxc4 Bd6 7. Ne2 f5 8. Nbc3 Nd7 9. a3 Nf6 10. h3 O-O 11. O-O c6 12. Re1 Qe7 13. Nc1 Ne4 14. Nd3 Rd8 15. Qc2 Bc7 16. Rad1 Nf6 17. Ne5 Be6 18. Qb3 Bxc4 19. Nxc4 Nd5 20. Nd2 Nf6 21. Nf3 Bd6 22. d5 c5 23. a4 Rac8 24. Qc4 a6 25. e4 fxe4 26. Nxe4 Nxe4 27. Rxe4 Qd7 28. a5 Qb5 29. Qc3 Bf8 30. Ng5 Bg7 31. Qf3 Rd7 32. d6 h6 33. Re7 Rf8 34. Nxf7 Qa4 35. Qd5 Rxe7 36. dxe7 Rxf7 37. Qd8+ Rf8 38. exf8=Q+ Bxf8 39. Re1 1-0


[Site "https://www.chess.com"]

[Event "Titled Tuesday Blitz June 6 Late 2023"]
[White "Najer, Evgeniy"]
[Black "Zakhartsov, Vladimir"]
[WhiteFideId "4118987"]
[BlackFideId "4145097"]
[WhiteElo "2545"]
[BlackElo "2508"]
[Result "1-0"]
[Round "8"]
[TimeControl "180+2"]
[Date "2023.06.07"]
[WhiteClock "0:00:04"]
[BlackClock "0:00:03"]
[Board "16"]

1. e4 c5 2. Nc3 a6 3. g4 b5 4. Bg2 Bb7 5. d3 e6 6. a4 b4 7. Nce2 d5 8. Ng3 Bd6 9. exd5 Nf6 10. Bg5 Bxg3 11. hxg3 Bxd5 12. Bxf6 Qxf6 13. Bxd5 exd5 14. Qe2+ Kd7 15. O-O-O Nc6 16. Rh5 Nd4 17. Rxd5+ Kc6 18. Qe4 Kb6 19. a5+ Kb5 20. Ne2 Ne6 21. Qc4+ Kc6 22. d4 Qxf2 23. Re5 Kb7 24. d5 Nc7 25. d6 Ne6 26. Qd5+ Ka7 27. Nf4 Rab8 28. Nxe6 fxe6 29. Rxe6 Rb7 30. d7 Rd8 31. Re7 Qf6 32. Re6 Qf2 33. Qc6 Qf7 34. Qxa6+ Kb8 35. Rb6 Rxd7 36. Rxb7+ Rxb7 37. Rd8+ Kc7 38. Qd6# 1-0


[Site "https://www.chess.com"]

[Event "Titled Tuesday Blitz June 6 Late 2023"]
[White "Xiong, Jeffery"]
[Black "Sun, Rick"]
[WhiteFideId "2047640"]
[BlackFideId "30909481"]
[WhiteElo "2726"]
[BlackElo "2169"]
[Result "1-0"]
[Round "8"]
[TimeControl "180+2"]
[Date "2023.06.07"]
[WhiteClock "0:02:40"]
[BlackClock "0:01:31"]
[Board "17"]

1. e4 d6 2. d4 Nf6 3. Nc3 Nbd7 4. Nf3 e5 5. Bc4 Be7 6. a4 O-O 7. O-O c6 8. Re1 Qc7 9. h3 h6 10. Be3 Re8 11. a5 Nf8 12. d5 Ng6 13. Nd2 Rf8 14. Bb3 Nh7 15. a6 c5 16. axb7 Bxb7 17. Nc4 a6 18. Na5 Bc8 19. Nc6 Bd7 20. Qd3 f5 21. Rxa6 Rxa6 22. Qxa6 f4 23. Bxc5 dxc5 24. d6+ 1-0


[Site "https://www.chess.com"]

[Event "Titled Tuesday Blitz June 6 Late 2023"]
[White "Kleiman, Jake"]
[Black "Hansen, Eric"]
[WhiteFideId "2020041"]
[BlackFideId "2606771"]
[WhiteElo "2695"]
[BlackElo "2561"]
[Result "0-1"]
[Round "8"]
[TimeControl "180+2"]
[Date "2023.06.07"]
[WhiteClock "0:00:07"]
[BlackClock "0:00:07"]
[Board "18"]

1. e4 c5 2. c3 Nf6 3. e5 Nd5 4. Nf3 Nc6 5. Bc4 Nb6 6. Bb3 d5 7. exd6 Qxd6 8. O-O Be6 9. Bxe6 Qxe6 10. a4 Rd8 11. a5 Nd5 12. d4 Nc7 13. Qa4 cxd4 14. Nxd4 Qd7 15. Be3 Nxd4 16. Bxd4 Qxa4 17. Rxa4 Nb5 18. Bc5 Rc8 19. Be3 a6 20. Nd2 e5 21. Nc4 f6 22. Rd1 Be7 23. Nb6 Rd8 24. Rxd8+ Bxd8 25. Rc4 Bxb6 26. Bxb6 Kd7 27. Kf1 h5 28. Ke2 Ke6 29. Rc5 g5 30. Ke3 Rh7 31. Rc8 Nd6 32. Rc5 Rd7 33. g3 g4 34. b3 Nb5 35. Ke2 Kf5 36. Rc8 Ke4 37. Rc4+ Kf5 38. Rc8 Nd6 39. Rh8 Ne4 40. c4 Nc3+ 41. Ke3 Nd1+ 42. Ke2 Ke4 43. Rd8 Nc3+ 44. Ke1 Rd3 45. Rxd3 Kxd3 46. Bd8 Ne4 47. Be7 Kc3 48. Ke2 Kxb3 49. Ke3 f5 50. c5 Kc4 51. Bd6 Kd5 52. Bb8 Nxc5 53. f3 gxf3 54. Kxf3 Nb3 55. Bc7 Nd4+ 56. Ke3 Ne6 57. Bb6 Nc5 58. Kf3 Kc6 59. Ke3 Nd7 60. Ba7 b6 61. axb6 Nxb6 62. Bb8 Nd7 63. Ba7 a5 64. Kd3 Kd5 65. Kc3 Ke4 66. Kb3 Kf3 67. Ka4 Kg2 68. Kxa5 Kxh2 69. Kb5 Kxg3 70. Kc6 Nf6 71. Bb8 Kf4 0-1


[Site "https://www.chess.com"]

[Event "Titled Tuesday Blitz June 6 Late 2023"]
[White "Licznerski, Lukasz"]
[Black "Ozer, Omer Faruk"]
[WhiteFideId "1179250"]
[BlackFideId "6354564"]
[WhiteElo "2453"]
[BlackElo "2260"]
[Result "0-1"]
[Round "8"]
[TimeControl "180+2"]
[Date "2023.06.07"]
[WhiteClock "0:00:15"]
[BlackClock "0:01:12"]
[Board "19"]

1. e4 c5 2. Nf3 d6 3. Bb5+ Bd7 4. Bxd7+ Nxd7 5. O-O Ngf6 6. Re1 Rc8 7. c3 Qc7 8. Na3 a6 9. d4 cxd4 10. cxd4 e6 11. Bf4 Be7 12. Rc1 Qb8 13. e5 dxe5 14. Nxe5 Rxc1 15. Qxc1 Qd8 16. Nec4 O-O 17. Qc2 b5 18. Ne5 Nxe5 19. Bxe5 Bxa3 20. bxa3 Nd5 21. Rc1 Qd7 22. h4 Nb6 23. Qc6 Rc8 24. Bc7 Qxc6 25. Rxc6 Nd5 26. Rxa6 Nxc7 27. Rc6 Kf8 28. Rxc7 Rxc7 0-1


[Site "https://www.chess.com"]

[Event "Titled Tuesday Blitz June 6 Late 2023"]
[White "Svane, Frederik"]
[Black "Skatchkov, Pavel"]
[WhiteFideId "12923044"]
[BlackFideId "4121848"]
[WhiteElo "2502"]
[BlackElo "2476"]
[Result "1-0"]
[Round "8"]
[TimeControl "180+2"]
[Date "2023.06.07"]
[WhiteClock "0:02:01"]
[BlackClock "0:01:15"]
[Board "20"]

1. c4 e5 2. g3 Nf6 3. Bg2 c6 4. d4 e4 5. Nc3 d5 6. Qa4 Nbd7 7. cxd5 Nb6 8. Qb3 cxd5 9. Bg5 Be7 10. Nh3 O-O 11. Nf4 Be6 12. O-O h6 13. Bxf6 Bxf6 14. e3 g5 15. Nh5 Be7 16. f3 exf3 17. Bxf3 f5 18. e4 Bf7 19. exf5 Qe8 20. Rae1 Bxh5 21. Bxh5 Qxh5 22. Rxe7 Qg4 23. Nxd5 Qxd4+ 24. Ne3+ Kh8 25. Rd1 Qf6 26. Re6 Qg7 27. Rg6 Qe5 28. Rxh6+ Kg7 29. Re6 Qc5 30. Rdd6 Rxf5 31. Rg6+ Kh7 32. Rh6+ Kg7 33. Rdg6+ Kf8 34. Qg8+ Ke7 35. Qe6+ Kd8 36. Rg8+ Kc7 37. Rh7+ Nd7 38. Rxd7# 1-0


[Site "https://www.chess.com"]

[Event "Titled Tuesday Blitz June 6 Late 2023"]
[White "Baskakov, Egor"]
[Black "Popilski, Gil"]
[WhiteFideId "24197866"]
[BlackFideId "2809060"]
[WhiteElo "2225"]
[BlackElo "2537"]
[Result "1/2-1/2"]
[Round "8"]
[TimeControl "180+2"]
[Date "2023.06.07"]
[WhiteClock "0:00:07"]
[BlackClock "0:00:06"]
[Board "21"]

1. e4 c5 2. Nf3 g6 3. d4 cxd4 4. Nxd4 Nc6 5. Nc3 Bg7 6. Nde2 Nf6 7. g3 b5 8. a3 Rb8 9. Bg2 a5 10. O-O b4 11. axb4 axb4 12. Nd5 O-O 13. h3 d6 14. Be3 Nd7 15. Ra2 e6 16. Ndf4 Nc5 17. b3 Bb7 18. Nd3 Nxd3 19. cxd3 d5 20. exd5 Ne5 21. Nf4 g5 22. Nh5 Bxd5 23. f4 gxf4 24. gxf4 Ng6 25. f5 exf5 26. Nxg7 Kxg7 27. Qh5 Kh8 28. Rxf5 Bxg2 29. Rxg2 Qxd3 30. Bh6 Rfe8 31. Rxf7 Re1+ 32. Kh2 Qd6+ 33. Bf4 Qxf4+ 34. Rxf4 Nxf4 35. Qh4 Nxg2 36. Qd4+ Kg8 37. Qd5+ Kh8 38. Qd4+ Kg8 39. Kxg2 Ree8 40. Qd5+ Kh8 41. Qd4+ Kg8 42. h4 Re7 43. h5 Rg7+ 44. Kh3 Rf8 45. Qd5+ Kh8 46. Qe5 h6 47. Qe6 Kh7 48. Qe4+ Kg8 49. Qc4+ Kh7 50. Qxb4 Rf3+ 51. Kh4 Rfg3 52. Qe4+ Kh8 53. Qe6 Rg1 54. Qxh6+ Kg8 55. Qe6+ Kh7 56. Qe4+ Kh8 57. h6 R7g6 58. Qe8+ Kh7 59. Qe7+ Kxh6 60. Qe3+ Kh7 61. Qe7+ Kg8 62. Qe8+ Kh7 63. Qe7+ Rg7 64. Qe4+ Kh8 65. Qe8+ Kh7 66. Qe4+ R7g6 67. Qe7+ 1/2-1/2


[Site "https://www.chess.com"]

[Event "Titled Tuesday Blitz June 6 Late 2023"]
[White "Martic, Ivan"]
[Black "Schmakel, Sam"]
[WhiteFideId "929301"]
[BlackFideId "2039311"]
[WhiteElo "2346"]
[BlackElo "2356"]
[Result "1-0"]
[Round "8"]
[TimeControl "180+2"]
[Date "2023.06.07"]
[WhiteClock "0:00:29"]
[BlackClock "0:00:10"]
[Board "22"]

1. e4 g6 2. d4 Bg7 3. Nc3 d6 4. Nf3 a6 5. a4 Nc6 6. Be2 e5 7. d5 Nb4 8. a5 c6 9. Ra4 c5 10. Nd2 b6 11. axb6 Bd7 12. Ra3 Qxb6 13. Nc4 Qb8 14. O-O Nf6 15. f4 O-O 16. fxe5 dxe5 17. Bg5 Nh5 18. Bxh5 gxh5 19. Be7 Re8 20. Bxc5 Qc7 21. Bxb4 Qxc4 22. Qxh5 Qxb4 23. Qxf7+ Kh8 24. Qxd7 Qxb2 25. Rb3 Qxc2 26. Rb7 Rg8 27. Rc7 Rab8 28. Nb5 Qxe4 29. Nd6 Qe3+ 30. Kh1 h6 31. Nf7+ 1-0


[Site "https://www.chess.com"]

[Event "Titled Tuesday Blitz June 6 Late 2023"]
[White "Maksimovic, Bojan"]
[Black "Adewumi, Tanitoluwa"]
[WhiteFideId "14408120"]
[BlackFideId "30966396"]
[WhiteElo "2457"]
[BlackElo "2626"]
[Result "1-0"]
[Round "8"]
[TimeControl "180+2"]
[Date "2023.06.07"]
[WhiteClock "0:01:28"]
[BlackClock "0:00:01"]
[Board "23"]

1. e4 c5 2. Nf3 e6 3. d4 cxd4 4. Nxd4 Nc6 5. Nc3 Qc7 6. Nxc6 bxc6 7. Bd3 d5 8. O-O Nf6 9. Re1 Be7 10. Qe2 O-O 11. b3 Bc5 12. Na4 Bd4 13. Bb2 Bxb2 14. Nxb2 Qe5 15. c4 dxe4 16. Bxe4 Nxe4 17. Nd3 Qd4 18. Qxe4 Rd8 19. Qxd4 Rxd4 20. Rad1 Kf8 21. Ne5 c5 22. Nd3 Bb7 23. Nxc5 Rxd1 24. Rxd1 Bc6 25. f3 Ke7 26. Kf2 a5 27. Ke3 f6 28. Nd3 e5 29. a3 Rb8 30. b4 axb4 31. axb4 Ba4 32. Rc1 Bb3 33. b5 Kd6 34. Rc3 Ba4 35. Nb2 1-0


[Site "https://www.chess.com"]

[Event "Titled Tuesday Blitz June 6 Late 2023"]
[White "Bitoon, Richard"]
[Black "Fernandez Guillen, Ernesto J."]
[WhiteFideId "5201110"]
[BlackFideId "3512428"]
[WhiteElo "2374"]
[BlackElo "2434"]
[Result "0-1"]
[Round "8"]
[TimeControl "180+2"]
[Date "2023.06.07"]
[WhiteClock "0:00:01"]
[BlackClock "0:00:56"]
[Board "24"]

1. e4 e5 2. Nf3 Nc6 3. Bc4 g6 4. b4 Bg7 5. b5 Nd4 6. c3 Nxf3+ 7. Qxf3 Qf6 8. Qg3 d6 9. d3 h6 10. Nd2 g5 11. Nf1 Ne7 12. Ne3 Be6 13. h4 O-O-O 14. Ng4 Qg6 15. h5 Qh7 16. Ne3 Kb8 17. Bxe6 fxe6 18. Qg4 Qg8 19. a4 Qf7 20. a5 Rhf8 21. O-O Ng8 22. b6 Nf6 23. Qd1 cxb6 24. axb6 a6 25. g4 Rc8 26. Qb3 Rc6 27. f3 Rfc8 28. Nc4 Bf8 29. Be3 Be7 30. Rfc1 Nxg4 31. fxg4 Qf3 32. Bf2 Qxg4+ 33. Kf1 Qh3+ 34. Ke2 Qxh5+ 35. Kd2 Qh2 36. Rf1 g4 37. Ne3 Bg5 38. Qxe6 g3 39. Qg4 gxf2 40. Rac1 Rxb6 41. Rc2 Rb1 42. Ke2 Bxe3 43. Rxb1 f1=Q+ 44. Kxf1 Qxc2 45. Re1 Qxd3+ 0-1


[Site "https://www.chess.com"]

[Event "Titled Tuesday Blitz June 6 Late 2023"]
[White "Gadimbayli, Abdulla"]
[Black "Vlassov, Nikolai"]
[WhiteFideId "13404938"]
[BlackFideId "4103360"]
[WhiteElo "2386"]
[BlackElo "2324"]
[Result "1-0"]
[Round "8"]
[TimeControl "180+2"]
[Date "2023.06.07"]
[WhiteClock "0:01:09"]
[BlackClock "0:00:11"]
[Board "25"]

1. Nf3 c5 2. e3 g6 3. d4 Bg7 4. Bd3 b6 5. O-O Bb7 6. c3 Nf6 7. Nbd2 O-O 8. e4 d6 9. Re1 cxd4 10. cxd4 Nc6 11. h3 Rc8 12. a3 Nd7 13. Nb3 a5 14. Be3 Qc7 15. Rc1 Qb8 16. Bb5 Qa8 17. Nbd2 Ba6 18. Qe2 Ncb8 19. Bg5 f6 20. Be3 Bxb5 21. Qxb5 Qa6 22. Qb3+ Kh8 23. Qe6 Rfe8 24. e5 dxe5 25. dxe5 Nxe5 26. Nxe5 fxe5 27. Ne4 b5 28. Rxc8 Qxc8 29. Qf7 Qd7 30. Nc5 Qc6 31. Ne6 Bf6 32. Rc1 Qd7 33. Nf8 1-0


[Site "https://www.chess.com"]

[Event "Titled Tuesday Blitz June 6 Late 2023"]
[White "Prohaszka, Peter"]
[Black "Mortazavi, Ali"]
[WhiteFideId "726265"]
[BlackFideId "401323"]
[WhiteElo "2626"]
[BlackElo "2339"]
[Result "1-0"]
[Round "8"]
[TimeControl "180+2"]
[Date "2023.06.07"]
[WhiteClock "0:00:04"]
[BlackClock "0:00:11"]
[Board "26"]

1. d4 Nf6 2. Nf3 g6 3. Bg5 Bg7 4. c3 O-O 5. Nbd2 d6 6. e4 Nc6 7. h3 e5 8. dxe5 Nxe5 9. Nxe5 dxe5 10. Be2 h6 11. Be3 Be6 12. O-O Qe7 13. Qc2 Rfd8 14. Rfd1 Nd7 15. Bc4 Nb6 16. Bxe6 Qxe6 17. Qb3 Qc6 18. a4 Bf8 19. a5 Nd7 20. Qc4 Bc5 21. Bxh6 Qf6 22. Nf3 Qc6 23. Qd5 Nf6 24. Qxc6 bxc6 25. Rxd8+ Rxd8 26. Bg5 Rd6 27. b4 Bxf2+ 28. Kxf2 Nxe4+ 29. Ke1 Nxc3 30. Be7 Re6 31. Bc5 a6 32. Rc1 Nd5 33. Rd1 Kg7 34. Kf2 f5 35. Re1 Nf4 36. Kg1 Nd3 37. Rd1 e4 38. Nd4 Rf6 39. Ne2 Kf7 40. Nc1 Ne5 41. Rd8 Re6 42. Ne2 g5 43. Nd4 Rg6 44. Rf8+ Kg7 45. Nxf5+ Kh7 46. Re8 Nd3 47. Bd4 g4 48. Rh8# 1-0


[Site "https://www.chess.com"]